 Dungeon Crawl Stone Soup version 0.26.1-11-gd32895ea62 (webtiles) character file.

Game seed: 14344921687671693919

8508 infcreate the Carver (level 11, -2/89 HPs)
             Began as a Human Berserker on July 19, 2021.
             Was a High Priest of Trog.
             Slain by a white ugly thing (19 damage)
             ... on level 11 of the Dungeon.
             The game lasted 00:41:14 (12947 turns).

infcreate the Carver (Human Berserker)             Turns: 12947, Time: 00:41:15

Health: -2/89      AC: 17    Str: 20    XL:     11   Next: 57%
Magic:  11/11      EV: 13    Int:  9    God:    Trog [*****.]
Gold:   711        SH:  0    Dex: 18    Spells: 10/10 levels left

rFire    . . .     SeeInvis .   a - +5 great sword (freeze) (curse)
rCold    . . .     Faith    .   (shield currently unavailable)
rNeg     . . .     Spirit   .   o - +0 chain mail
rPois    .         Reflect  .   i - +2 helmet
rElec    .         Harm     .   e - +1 cloak
rCorr    .         Rampage  .   (no gloves)
Will     +....                  (no boots)
Stlth    ..........             (no amulet)
HPRegen  0.24/turn              D - +6 ring of dexterity
MPRegen  0.12/turn              c - ring of willpower

@: studying Long Blades
A: no striking features
a: Renounce Religion, Berserk, Trog's Hand, Brothers in Arms


You were on level 11 of the Dungeon.
You worshipped Trog.
Trog was extremely pleased with you.
You visited 1 branch of the dungeon, and saw 11 of its levels.

You collected 711 gold pieces.


   Skills:
 + Level 9.2 Fighting
 + Level 10.5 Long Blades
 + Level 9.0 Armour
 + Level 9.0 Dodging


You had 10 spell levels left.
You didn't know any spells.
Your spell library was empty.

Inventory:

Hand Weapons
 a - a cursed +5 great sword of freezing (weapon)
 z - a +2 battleaxe of flaming
Missiles
 m - 35 bolts
 p - 2 throwing nets {=f}
Armour
 e - a +1 cloak (worn)
 i - a +2 helmet (worn)
 o - a +0 chain mail (worn)
Jewellery
 c - a ring of willpower (right hand)
 v - an uncursed ring of see invisible
 D - a +6 ring of dexterity (left hand)
 P - an uncursed ring of poison resistance
 R - an uncursed ring of resist corrosion
Wands
 h - a wand of random effects (45)
 k - a wand of polymorph (9)
 t - a wand of enslavement (19)
 w - a wand of iceblast (1)
Scrolls
 d - 4 scrolls of remove curse {@r2}
 g - 5 scrolls of teleportation {@r4}
 l - a scroll of immolation
 n - 3 scrolls of identify {@r1}
 x - a scroll of enchant armour
Potions
 b - 3 potions of attraction
 f - a potion of mutation {unknown}
 j - a potion of degeneration {unknown}
 q - 2 potions of heal wounds {@q2}
 s - 2 potions of curing {@q1}
 u - 3 potions of invisibility
 y - 2 potions of flight
 E - 2 potions of magic {unknown}
Books
 B - a manual of Long Blades {!d}

Dungeon Overview and Level Annotations

Branches:
Dungeon (11/15)            Temple (0/1) D:6            Lair (0/6) D:9
    Orc (0/2) D:10

Altars:
Dithmenos
Elyvilon
Fedhas
Gozag
Hepliaklqana
Kikubaaqudgha
Makhleb
Okawaru
Qazlal
Sif Muna
Xom
The Shining One
Beogh

#...#
######...
#........
#.......
#.......
#......▓ ##
#.....u▓ .# #.
#.....@▓ .#
#####.
#......▓ .#
.......
#......▓▓▓▓▓.#
▒▒▒▒▒▒▒
#............+
#............#
####.........+
#.........#
▒▒▒▒▒▒
#........##
......
#.▓▓▓▓▓▓.#
#####.


You could see a white ugly thing.


Message History

You start resting.
HP restored.
A white ugly thing comes into view.
You see here 18 gold pieces.
Unknown command.
You now have 711 gold pieces (gained 18).
You slash the white ugly thing! You freeze the white ugly thing.
The white ugly thing is lightly wounded.
The white ugly thing tentacle-slaps you but does no damage.
You slice the white ugly thing!! You freeze the white ugly thing.
The white ugly thing is heavily wounded.
The white ugly thing tentacle-slaps you but does no damage.
You barely miss the white ugly thing.
The white ugly thing is heavily wounded.
The white ugly thing tentacle-slaps you but does no damage. x2
You hit the white ugly thing.
The white ugly thing is heavily wounded.
The white ugly thing tentacle-slaps you.
The white ugly thing freezes you!!
You slash the white ugly thing! You freeze the white ugly thing.
The white ugly thing is severely wounded.
The white ugly thing tentacle-slaps you!
The white ugly thing freezes you!!
* * * LOW HITPOINT WARNING * * *
You slash the white ugly thing!
The white ugly thing is almost dead.
The white ugly thing tentacle-slaps you!
* * * LOW HITPOINT WARNING * * *
The white ugly thing freezes you!!
You die...

Skill      XL: |  1  2  3  4  5  6  7  8  9 10 11 |
---------------+----------------------------------+-----
Armour         | 3 4 5 7 8 9 |  9.0
Dodging        | 3 4 5 7 8 9 |  9.0
Fighting       | 4 5 6 7 8 9 |  9.2
Long Blades    | 4 5 6 7 9 10 | 10.5

Action                   |  1- 3 |  4- 6 |  7- 9 | 10-12 || total
-------------------------+-------+-------+-------+-------++-------
Melee: Falchion          |    94 |   164 |   569 |   118 ||   945
       Unarmed           |       |     3 |       |       ||     3
       Great sword       |       |       |       |   217 ||   217
Invok: Berserk           |     1 |     1 |     6 |     3 ||    11
       Trog's Hand       |       |     1 |     1 |     1 ||     3
Evoke: Wand              |       |     2 |     4 |     4 ||    10
  Use: Scroll            |       |     1 |     7 |    12 ||    20
       Potion            |       |       |       |     1 ||     1
Armor: Animal skin       |    11 |       |       |       ||    11
       Ring mail         |    13 |    11 |       |       ||    24
       Scale mail        |       |    60 |    16 |       ||    76
       Chain mail        |       |       |   269 |   180 ||   449
Dodge: Dodged            |    58 |    94 |   231 |   224 ||   607
       Rpst.: Falchion   |    17 |    35 |    67 |    27 ||   146
       Great sword       |       |       |       |    47 ||    47

Levels and vault maps discovered:
D:1:      shiori_shiawase, layout_basic, minmay_misc_feat_tiny
D:2:      layout_loops_ring, chequers_ecumenical_altar_island,
          makhleb_altar_promises_db, uniq_terence, uniq_robin
D:3:      layout_basic, grunt_gozag_breadcrumbs, grunt_temple_overflow_open,
          serial_co_window_serial, co_window_paths_b, co_window_corner_a,
          co_window_of_opportunity_a, co_window_corner_a,
          co_window_of_opportunity_a, co_window_paths_b, co_window_corner_a,
          co_window_of_opportunity_b, co_window_broadway_b, co_window_paths_c,
          co_window_corner_cb, glass_columns_b, glass_columns_b, uniq_jessica,
          uniq_ijyb, uniq_natasha
D:4:      layout_layer_cave, lemuel_round_altar, okawaru_trees_1
D:5:      layout_basic, grunt_temple_overflow_forces_of_nature,
          lemuel_crystal_altar, lemuel_old_faithful
D:6:      layout_rooms, lemuel_coloured_pillars_altar,
          minmay_temple_entry_glass, serial_co_window_serial, co_window_cross_1,
          co_window_corner_a, co_window_paths_a, co_window_cross_1,
          co_window_of_opportunity_a, co_window_cross_1, co_window_corner_a,
          co_window_broadway_b, co_window_corner_b, co_window_corner_b,
          co_window_of_opportunity_c, co_window_4corner_b, glass_columns_b,
          uniq_sigmund
D:7:      layout_cave_pools, nicolae_dithmenos_through_a_glass_darkly,
          old_standard_altar
D:8:      layout_loops_ring, nicolae_overflow_crystal_walls, basic_altar
D:9:      layout_stronghold, xom_butterflies, lair_entry_dummy
D:10:     layout_cave_pools, minmay_orc_entry_temple_small, enter_bailey_3
D:11:     layout_irregular_city, uniq_snorg, uniq_nergalle

Notes
Turn   | Place    | Note
-------+----------+-------------------------------------------
     0 | D:1      | infcreate the Human Berserker began the quest for the Orb.
     0 | D:1      | Reached XP level 1. HP: 18/18 MP: 1/1
    70 | D:1      | Reached XP level 2. HP: 20/24 MP: 2/2
   425 | D:1      | Reached XP level 3. HP: 23/29 MP: 3/3
   727 | D:1      | Reached ** piety under Trog
  1066 | D:2      | Found a faded altar of an unknown god.
  1084 | D:2      | Found a burning altar of Makhleb.
  1084 | D:2      | Noticed an Executioner
  1433 | D:2      | Reached XP level 4. HP: 35/35 MP: 4/4
  1539 | D:2      | Noticed Terence
  1561 | D:2      | Killed Terence
  1802 | D:2      | Noticed Robin
  1838 | D:2      | Reached XP level 5. HP: 39/42 MP: 5/5
  1868 | D:2      | Killed Robin
  1869 | D:2      | Reached skill level 3 in Armour
  1869 | D:2      | Reached skill level 3 in Dodging
  2265 | D:3      | Found an opulent altar of Gozag.
  2328 | D:3      | Noticed Natasha
  2401 | D:3      | Killed Natasha
  2513 | D:3      | Noticed Ijyb
  2527 | D:3      | Killed Ijyb
  2676 | D:3      | Noticed Jessica
  2682 | D:3      | Killed Jessica
  2683 | D:3      | Reached skill level 4 in Fighting
  2683 | D:3      | Reached skill level 4 in Long Blades
  2683 | D:3      | Reached XP level 6. HP: 48/48 MP: 6/6
  2937 | D:3      | Found an iron altar of Okawaru.
  2966 | D:3      | Found a hazy altar of Hepliaklqana.
  3068 | D:3      | Noticed Natasha
  3075 | D:3      | Killed Natasha
  3075 | D:3      | Reached *** piety under Trog
  3108 | D:3      | Noticed an ogre
  3121 | D:3      | Noticed an ice beast
  3121 | D:3      | an ogre changed into an ice beast
  3134 | D:3      | Killed an ice beast
  3347 | D:3      | Reached XP level 7. HP: 55/55 MP: 7/7
  3636 | D:3      | Noticed Natasha
  3812 | D:3      | Killed Natasha
  3871 | D:4      | Reached skill level 4 in Dodging
  3945 | D:4      | Found a glowing golden altar of the Shining One.
  3988 | D:4      | Found an iron altar of Okawaru.
  4000 | D:4      | Reached skill level 4 in Armour
  4690 | D:4      | Reached skill level 5 in Fighting
  5125 | D:5      | Entered Level 5 of the Dungeon
  5145 | D:5      | Found a blossoming altar of Fedhas.
  5150 | D:5      | Found a stormy altar of Qazlal.
  5317 | D:5      | Reached skill level 5 in Long Blades
  5353 | D:5      | Reached XP level 8. HP: 62/62 MP: 8/8
  5774 | D:5      | Found a burning altar of Makhleb.
  6295 | D:6      | Reached skill level 5 in Armour
  6295 | D:6      | Reached skill level 5 in Dodging
  6468 | D:6      | Found a staircase to the Ecumenical Temple.
  6562 | D:6      | Noticed Sigmund
  6579 | D:6      | Killed Sigmund
  6695 | D:6      | Found a shimmering blue altar of Sif Muna.
  7317 | D:7      | Found an ancient bone altar of Kikubaaqudgha.
  7329 | D:7      | Found a shadowy altar of Dithmenos.
  7355 | D:7      | Reached skill level 6 in Fighting
  7567 | D:7      | Reached skill level 6 in Long Blades
  7567 | D:7      | Reached XP level 9. HP: 54/69 MP: 9/9
  8094 | D:8      | Reached skill level 6 in Armour
  8094 | D:8      | Reached skill level 6 in Dodging
  8359 | D:8      | Found a blossoming altar of Fedhas.
  8543 | D:8      | Reached **** piety under Trog
  8702 | D:8      | Found a white marble altar of Elyvilon.
  8972 | D:8      | Reached skill level 7 in Fighting
  9008 | D:8      | Reached skill level 7 in Long Blades
  9156 | D:8      | Noticed a two-headed ogre
  9165 | D:8      | Killed a two-headed ogre
  9166 | D:8      | Reached skill level 7 in Armour
  9166 | D:8      | Reached skill level 7 in Dodging
  9166 | D:8      | Reached XP level 10. HP: 79/79 MP: 10/10
  9206 | D:9      | Identified 2 scrolls of acquirement
  9206 | D:9      | Acquired a manual of Long Blades
  9208 | D:9      | Acquired an uncursed ring of see invisible
  9729 | D:9      | Reached skill level 8 in Long Blades
 10011 | D:9      | Reached ***** piety under Trog
 10018 | D:9      | HP: 12/120 [troll (3)]
 10021 | D:9      | Reached skill level 8 in Fighting
 10366 | D:9      | Noticed a two-headed ogre
 10376 | D:9      | Killed a two-headed ogre
 10377 | D:9      | Reached skill level 9 in Long Blades
 10377 | D:9      | Reached skill level 8 in Armour
 10378 | D:9      | Reached skill level 8 in Dodging
 10714 | D:9      | Found a shimmering altar of Xom.
 10955 | D:9      | Found a staircase to the Lair.
 11117 | D:9      | Reached XP level 11. HP: 82/87 MP: 11/11
 11352 | D:10     | Entered Level 10 of the Dungeon
 11762 | D:10     | Found a flagged portal.
 11787 | D:10     | Reached skill level 10 in Long Blades
 11923 | D:10     | Found a staircase to the Orcish Mines.
 11932 | D:10     | Reached skill level 9 in Fighting
 11933 | D:10     | Found a roughly hewn altar of Beogh.
 12200 | D:11     | Received a gift from Trog
 12350 | D:11     | Noticed Nergalle
 12368 | D:11     | Killed Nergalle
 12650 | D:11     | Reached skill level 9 in Armour
 12795 | D:11     | Reached skill level 9 in Dodging
 12936 | D:11     | Noticed a white ugly thing
 12947 | D:11     | Slain by a white ugly thing

Vanquished Creatures
  2 two-headed ogres
  Nergalle (D:11)
  2 trolls
  A hornet (D:9)
  Sigmund (D:6)
  A vampire (D:11)
  4 yaks
  A water moccasin (D:8)
  4 ice beasts
  4 orc warriors
  3 sky beasts
  8 ogres
  3 centaurs
  A necrophage (D:9)
  A big kobold (D:11)
  3 bullfrogs (D:8)
  2 gnoll sergeants
  A wyvern zombie (D:10)
  A water moccasin zombie (D:8)
  4 scorpions
  9 wights
  4 howler monkeys
  A bullfrog zombie (D:9)
  4 hounds
  A gnoll shaman (D:10)
  9 orc priests
  6 jellies
  A bullfrog skeleton (D:8)
  A centaur skeleton (D:8)
  11 orc wizards
  Jessica (D:3)
  2 iguanas
  Ijyb (D:3)
  Natasha (thrice) (D:3)
  8 worker ants
  Terence (D:2)
  A hound zombie (D:9)
  2 worker ant zombies
  Robin (D:2)
  17 gnolls
  3 adders
  2 white imps
  An ooze (D:3)
  2 adder zombies
  An adder skeleton (D:8)
  2 worms
  4 dart slugs
  3 leopard geckos
  31 orcs
  A ball python (D:1)
  9 bats
  10 giant cockroaches
  13 hobgoblins
  6 jackals
  A quokka (D:5)
  6 frilled lizards
  13 goblins
  12 kobolds
  A quokka zombie (D:9)
  6 rats
259 creatures vanquished.

Table legend: (Time is in decaauts)
 A = Elapsed time spent in this place.
 B = Non-inter-level travel time spent in this place.
 C = Inter-level travel time spent in this place.
 D = Time resting spent in this place.
 E = Time spent auto-exploring this place.
 F = Levels seen in this place.
 G = Mean time per level.
                   A        B        C        D        E       F      G
               +--------+--------+--------+--------+--------+-----+--------+
         Total |  13147 |   6378 |   6769 |   3900 |      0 |  11 | 1195.2 |
       Dungeon |  13147 |   6378 |   6769 |   3900 |      0 |  11 | 1195.2 |
               +--------+--------+--------+--------+--------+-----+--------+

Top non-repeatable levels by time:
     D:9: 2150 daAuts
     D:8: 1699 daAuts
     D:3: 1682 daAuts
     D:4: 1287 daAuts
     D:2: 1281 daAuts
     D:6: 1119 daAuts
     D:5: 1042 daAuts
     D:1: 967 daAuts
    D:11: 760 daAuts
    D:10: 627 daAuts
     D:7: 527 daAuts

Table legend:
 A = Non-vault XP
 B = Vault XP
 C = Vault XP percentage of total XP
 D = Non-vault monster count
 E = Vault monster count
 F = Vault count percentage of total count
                 A         B        C        D         E       F
            +---------+---------+-------+---------+---------+-------
      Total |   10532 |    1623 |  13.4 |     228 |      31 |  12.0
            +---------+---------+-------+---------+---------+-------
        D:1 |      44 |       0 |   0.0 |      23 |       0 |   0.0
        D:2 |      59 |      66 |  52.8 |      25 |      12 |  32.4
        D:3 |     290 |     108 |  27.1 |      20 |       3 |  13.0
        D:4 |     389 |       0 |   0.0 |      10 |       0 |   0.0
        D:5 |     409 |       0 |   0.0 |      19 |       0 |   0.0
        D:6 |     348 |     212 |  37.9 |       9 |       1 |  10.0
        D:7 |     213 |       0 |   0.0 |       6 |       0 |   0.0
        D:8 |    2623 |       0 |   0.0 |      28 |       0 |   0.0
        D:9 |    3442 |       0 |   0.0 |      47 |       0 |   0.0
       D:10 |    1328 |     417 |  23.9 |      20 |      14 |  41.2
       D:11 |    1387 |     820 |  37.2 |      21 |       1 |   4.5
            +---------+---------+-------+---------+---------+-------
